 Dungeon Crawl Stone Soup version 0.31.0-32-g396128a36d (webtiles) character file.

Game seed: 12870935901734024361

266 CaptainMV the Shooter (level 6, 0/46 HPs)
             Began as a Demonspawn Wanderer on Apr 17, 2024.
             Was an Initiate of Ru.
             Slain by a gnoll bouda
             ... wielding a +0 whip
              (6 damage)
             ... on level 4 of the Dungeon.
             The game lasted 00:21:00 (2710 turns).

CaptainMV the Shooter (Demonspawn Wanderer)         Turns: 2710, Time: 00:21:01

Health: 0/46       AC:  3    Str: 12    XL:     6   Next: 0%
Magic:  9/9        EV: 11    Int: 13    God:    Ru [......]
Gold:   317        SH:  0    Dex: 14    Spells: 5/9 levels left

rFire   . . .        a - +4 sling (freeze)
rCold   . . .        (no shield)
rNeg    . . .        c - +1 robe
rPois   .            (helmet restricted)
rElec   .            (no cloak)
rCorr   .            (no gloves)
SInv    .            (no boots)
Will    .....        (no amulet)
Stlth   +            (no ring)
HPRegen 0.27/turn    (no ring)
MPRegen 0.22/turn

%: no passive effects
@: attractive
A: antennae 2, hooves 1, magic regeneration, weakness stinger 1
a: Renounce Religion


You were on level 4 of the Dungeon.
You worshipped Ru.
Ru was noncommittal.
You visited 1 branch of the dungeon, and saw 5 of its levels.

You collected 317 gold pieces.

Inventory:

Hand Weapons
 a - a +4 sling of freezing (weapon)
 d - a +3 spear of venom
Missiles
 b - a throwing net
 n - 6 silver javelins
Armour
 c - a +1 robe (worn)
 g - +0 ice dragon scales
Magical Staves
 e - a staff of alchemy
 f - a staff of death
 i - a staff of conjuration
Jewellery
 h - a ring of protection from fire
Talismans
 l - a maw talisman
Wands
 t - a wand of flame (19)
Scrolls
 k - a scroll of torment {unknown}
 o - a scroll of fear
 q - 2 scrolls of brand weapon
Potions
 j - a potion of attraction
 m - 2 potions of might


   Skills:
 + Level 2.4 Fighting
 + Level 6.0 Ranged Weapons
 + Level 1.0 Dodging
 + Level 2.0 Spellcasting
 + Level 2.6 Translocations


You had 5 spell levels left.
You knew the following spells:

 Your Spells              Type           Power      Damage    Failure   Level
a - Apportation           Tloc           16%        N/A       9%          1
b - Volatile Blastmotes   Fire/Tloc      8%         2d10      41%         3

Your spell library contained the following spells:

 Spells                   Type           Power      Damage    Failure   Level
 Kiss of Death            Conj/Necr      4%         2d5       26%         1
 Magic Dart               Conj           4%         1d3       26%         1
 Ensorcelled Hibernation  Hex/Ice        2%         N/A       36%         2
 Searing Ray              Conj           2%         2d4       36%         2
 Confusing Touch          Hex            1%         N/A       58%         3
 Dazzling Flash           Conj/Hex       2%         N/A       58%         3
 Fugue of the Fallen      Necr           1%         N/A       58%         3
 Ozocubu's Armour         Ice            1%         N/A       58%         3
 Passwall                 Erth           1%         N/A       58%         3
 Swiftness                Air            1%         N/A       58%         3
 Manifold Assault         Tloc           8%         N/A       65%         4
 Airstrike                Air            0%         2d(1-17)  94%         4
 Brom's Barrelling Bould  Conj/Erth      1%         2d3       94%         4
 Dispel Undead            Necr           1%         3d6       94%         4
 Fulminant Prism          Conj/Alch      0%         3d5       94%         4
 Summon Lightning Spire   Summ/Air       1%         N/A       94%         4
 Starburst                Conj/Fire      0%         6d3       100%        6
 Maxwell's Capacitive Co  Air            0%         ∞         100%        8


Dungeon Overview and Level Annotations

Branches:
Dungeon (5/15)             Temple (0/1) D:4

Altars:
Ashenzari
Kikubaaqudgha
Makhleb
Okawaru
Qazlal
Ru
Sif Muna
Trog
Wu Jian


Innate Abilities, Weirdness & Mutations

You have a pair of antennae on your head.
You have large cloven feet.
You regenerate magic rapidly.
You have a small tail.


Message History

The antennae on your head grow some more.
* * * LOW HITPOINT WARNING * * *
You feel very sick.
Things that are here:
a +0 club; a scorpion corpse; a jackal corpse
* * * LOW HITPOINT WARNING * * *
You feel sick.
It was a potion of attraction.
You feel attractive to monsters.
* * * LOW HITPOINT WARNING * * *
You feel sick.
It was a potion of enlightenment.
You feel very buoyant.
You fly up into the air.
* * * LOW HITPOINT WARNING * * *
You feel sick.
It was a potion of might.
You feel very mighty all of a sudden.
* * * LOW HITPOINT WARNING * * *
You feel sick.
It was a potion of resistance.
You feel protected.
* * * LOW HITPOINT WARNING * * *
You feel sick.
It was a potion of curing.
You feel better.
Unknown command.
Found a scroll labelled NAS LATHRAS.
m - 2 potions of might (gained 1)
k - a scroll labelled NAS LATHRAS A gnoll bouda comes into view.
It is wielding a +0 whip.
The gnoll bouda hits you with a +0 whip!
* * * LOW HITPOINT WARNING * * *
Okay, then.
It was a potion of cancellation.
Your magical effects are unravelling.
You feel magically purged.
You float gracefully downwards.
You feel a little less mighty now.
Your resistance to elements expires.
Your enlightenment fades.
The gnoll bouda hits you with a +0 whip.
You die...

#.# #.#..#.#* #.# #.### #.#
#.#.....* #.# #.# ##.##
#.##.#..# #.# #.# ##...##
#.##.#..# #.# #.##### ......##
#.##.#..# #.# #......
.......#*###########.# #######
..#.#..#,#.#...#,#.#** *
..#.#..#*,#.....#g## #
8.#....#,*,,*,#.@#.# #
..#.#..#*,,**,##..## #
..#.#..#.,**{,{##..# #
.##.#*.#.#*,,,,{##.#
###.##.#..#*,,,##..#**********
#*#....##..##,##..##*,,,,,,,,*
.##>[###,#..###..#.#*,**,,,*,**
#.#..####.#..#..#.##*,*,***,,,**
##.....#.#.#...#.#.#*,*,*,,,,*,*


You could see a gnoll bouda.

Vanquished Creatures
  A scorpion (D:4)
  A bombardier beetle (D:5)
  A hound (D:4)
  Terence (D:3)
  5 adders
  A shadow imp (D:5)
  A ribbon worm (D:3)
  2 orcs
  4 bats
  8 endoplasms
  5 giant cockroaches
  6 goblins
  4 hobgoblins (D:1)
  4 jackals
  A quokka (D:1)
  7 ball pythons
  5 frilled lizards
  7 kobolds
  8 rats
72 creatures vanquished.

Notes
Turn   | Place    | Note
-------+----------+-------------------------------------------
     0 | D:1      | CaptainMV the Demonspawn Wanderer began the quest for the
                  | Orb.
     0 | D:1      | CaptainMV set off with the following items: a +3 sling, a
                  | scroll of blinking, a +0 robe; and the following spell
                  | memorised: Apportation; and the following spells available
                  | to memorise: Volatile Blastmotes.
     0 | D:1      | Reached XP level 1. HP: 16/16 MP: 3/3
   205 | D:1      | Discovered your monstrous ancestry.
   205 | D:1      | Gained mutation: You have large cloven feet. [demonic
                  | ancestry]
   205 | D:1      | Reached XP level 2. HP: 20/22 MP: 5/5
   277 | D:1      | Reached skill level 4 in Ranged Weapons
   460 | D:1      | Gained mutation: You regenerate magic rapidly. [demonic
                  | ancestry]
   460 | D:1      | Reached XP level 3. HP: 26/27 MP: 6/6
   499 | D:1      | Learned a level 3 spell: Volatile Blastmotes
  1067 | D:3      | Found an ornate altar of the Wu Jian Council.
  1161 | D:3      | Gained mutation: You have a small tail. [demonic ancestry]
  1161 | D:3      | Reached XP level 4. HP: 33/33 MP: 7/7
  1486 | D:3      | Noticed Terence
  1487 | D:3      | You fall into a shaft and drop 2 floors!
  1487 | D:5      | Entered Level 5 of the Dungeon
  1500 | D:5      | Reached skill level 5 in Ranged Weapons
  1716 | D:3      | Killed Terence
  1717 | D:3      | Reached skill level 1 in Dodging
  1717 | D:3      | Gained mutation: You have a pair of small antennae on your
                  | head. [demonic ancestry]
  1717 | D:3      | Reached XP level 5. HP: 33/39 MP: 2/8
  1939 | D:3      | Found an iron altar of Okawaru.
  2056 | D:4      | Got the Commentary on the Sixfirhy and Hurting
  2223 | D:4      | Found an ancient bone altar of Kikubaaqudgha.
  2228 | D:4      | Found a sacrificial altar of Ru.
  2229 | D:4      | Found a shimmering blue altar of Sif Muna.
  2230 | D:4      | Found a broken altar of Ashenzari.
  2230 | D:4      | Found a stormy altar of Qazlal.
  2231 | D:4      | Found a bloodstained altar of Trog.
  2232 | D:4      | Found a burning altar of Makhleb.
  2247 | D:4      | Became a worshipper of Ru the Awakened
  2406 | D:4      | Found a staircase to the Ecumenical Temple.
  2684 | D:4      | Reached skill level 6 in Ranged Weapons
  2684 | D:4      | Gained mutation: You have a pair of antennae on your head.
                  | [demonic ancestry]
  2684 | D:4      | Reached XP level 6. HP: 9/46 MP: 9/9
  2688 | D:4      | HP: 2/46 [poisoned by a scorpion]
  2710 | D:4      | Slain by a gnoll bouda

Illustrated notes

Levels and vault maps discovered:
D:1:      lightli_arrival_lavapool, layout_loops_ring, minmay_tiny_reverse_x
D:2:      layout_loops_ring
D:3:      layout_loops_corners, okawaru_gym_becter, lemuel_round_altar,
          uniq_terence
D:4:      minmay_diamond_boxcup, layout_loops_corners,
          nicolae_overflow_hallway_of_the_gods, minmay_temple_entry_nine_rooms
D:5:      layout_layer_cave, mainiacjoe_overflow_surrounded_room,
          ebering_ghost_disaster_area

Skill      XL: |  1  2  3  4  5 |
---------------+----------------+-----
Translocations | 2 |  2.6
Ranged Weapons | 4 5 6 |  6.0
Dodging        | 1 |  1.0
Fighting       | |  2.4
Spellcasting   | |  2.0

Action                     |  1- 3 |  4- 6 || total
---------------------------+-------+-------++-------
   Fire: Sling             |   114 |    82 ||   196
   Cast: Volatile Blastmot |     1 |       ||     1
    Use: Scroll            |     4 |     4 ||     8
         Potion            |       |     6 ||     6
 Armour: Robe              |    39 |    27 ||    66
  Dodge: Dodged            |    46 |    31 ||    77
